 Dungeon Crawl Stone Soup version 0.28.0-45-g0d030f2227 (webtiles) character file.

Game seed: 18027996123802871931

184 Revguard the Ducker (level 5, -3/51 (53) HPs)
             Began as a Troll Monk on Mar 30, 2022.
             Killed by divine providence
             ... invoked by a smoke demon
              (11 damage)
             ... on level 1 of the Abyss.
             The game lasted 00:05:50 (2200 turns).

Revguard the Ducker (Troll Monk)                    Turns: 2200, Time: 00:05:50

HP:   -3/51 (53)    AC:  6    Str: 16 (19) XL:     5   Next: 36%
MP:   4/4           EV: 10    Int:  6      God:
Gold: 88            SH:  0    Dex: 14      Spells: 4/4 levels left

rFire   . . .      SeeInvis .   a - +0 hand axe
rCold   . . .      Faith    .   (no shield)
rNeg    . . .      Spirit   .   b - +0 robe
rPois   .          Reflect  .   f - +2 hat
rElec   .          Harm     .   (no cloak)
rCorr   .          Rampage  .   (gloves unavailable)
Will    .....                   (boots unavailable)
Stlth   ++........              (no amulet)
HPRegen 0.97/turn               (no ring)
MPRegen 0.09/turn               (no ring)

@: lightly drained
A: large, unfitting armour, claws 3, regeneration 1, shaggy fur 1, tough skin 1
a: no special abilities


You were on level 1 of the Abyss.
You visited 1 branch of the dungeon, and saw 3 of its levels.
You visited the Abyss 1 time.

You collected 88 gold pieces.

Inventory:

Hand Weapons
 a - a +0 hand axe (weapon)
Missiles
 l - 62 stones (quivered)
Armour
 b - a +0 robe (worn)
 f - a +2 hat (worn)
Scrolls
 c - 2 scrolls of identify {unknown}
 d - a scroll of magic mapping {unknown}
 h - a scroll of noise {unknown}
 i - a scroll of vulnerability {unknown}
 j - a scroll of teleportation {unknown}
 k - a scroll of blinking {unknown}
 n - 2 scrolls of silence {unknown}
 q - a scroll of holy word {unknown}


   Skills:
 + Level 3.1 Fighting
 + Level 3.1 Axes
 + Level 1.2 Throwing
 + Level 1.8 Armour
 + Level 3.2 Dodging
 - Level 1.0 Stealth


You had 4 spell levels left.
You didn't know any spells.
Your spell library contained the following spells:

 Spells                   Type           Power      Damage    Failure   Level
 Slow                     Hex            0%         N/A       45%         1


Dungeon Overview and Level Annotations

Branches:
Dungeon (3/15)

Altars:


Innate Abilities, Weirdness & Mutations

You are too large for most types of armour.
You have claws for hands.
Your natural rate of healing is unusually fast.
You are covered in fur. (AC +1)
You have tough skin. (AC +1)


Message History

Your Throwing skill increases to level 1!
You have reached level 5!
You barely miss the kobold.
The kobold is moderately wounded.
You barely miss the kobold.
The kobold is moderately wounded.
The kobold hits you but does no damage.
You hit the kobold.
You kill the kobold!
You hit the kobold but do no damage. The kobold hits you but does no damage.
You are cast into the Abyss!
This branch contains the abyssal rune of Zot.
You start resting.
Your extra speed is starting to run out.
You start resting.
Your transformation is almost over.
You feel yourself slow down.
You start resting.
You feel less wooden.
Your +2 hat unmelds from your body.
Your +0 robe unmelds from your body.
Okay, then.
A smoke demon comes into view.
The smoke demon roars!
A starcursed mass comes into view.
A starcursed mass splits.
The smoke demon gestures at you. The ball of steam misses you.
You enter the shallow water.
Moving in this stuff is going to be slow.
The smoke demon gestures at you. The ball of steam hits you!!
A small abomination comes into view.
You aren't carrying any potions.
The small abomination hits you! The small abomination hits you!!
The small abomination hits you!
* * * LOW HITPOINT WARNING * * *
The smoke demon gestures at you. Something smites you!
You die...

# #. .# .# ...
.#. .## ###.#.
....###.##.#....
......#@#.#..#..
#.##.x........
#....#...#...
#...#....#
###.##.#...#
..#..#..#.# . #.
#..# ..#.# # ###
##3# #.... ..#..
###..# .#..


You could see a smoke demon and a small abomination.

Vanquished Creatures
  A kobold brigand (D:3)
  The ghost of dangdung the Changer, a weakling OpTm (D:3)
  2 adders
  2 worms (D:3)
  2 dart slugs (D:1)
  4 bats
  An endoplasm (D:1)
  7 giant cockroaches
  6 goblins
  7 hobgoblins
  6 kobolds
  7 ball pythons
  3 frilled lizards
  5 rats
54 creatures vanquished.

Vanquished Creatures (others)
  A kobold (D:3)
1 creature vanquished.

Grand Total: 55 creatures vanquished

Notes
Turn   | Place    | Note
-------+----------+-------------------------------------------
     0 | D:1      | Revguard the Troll Monk began the quest for the Orb.
     0 | D:1      | Reached XP level 1. HP: 22/22 MP: 0/0
    61 | D:1      | Reached XP level 2. HP: 29/29 MP: 1/1
   266 | D:1      | Reached skill level 1 in Armour
   266 | D:1      | Reached XP level 3. HP: 36/36 MP: 2/2
   618 | D:2      | Found a faded altar of an unknown god.
   630 | D:2      | Got Plato's Handbook of Beguiling
  1210 | D:3      | Reached XP level 4. HP: 31/44 MP: 3/3
  2061 | D:3      | Found a runed translucent gate.
  2062 | D:3      | Found a runed translucent gate.
  2062 | D:3      | Found a runed translucent gate.
  2062 | D:3      | Noticed dangdung's ghost (weakling OpTm)
  2064 | D:3      | Noticed a kobold brigand
  2086 | D:3      | Killed dangdung's ghost
  2102 | D:3      | Killed a kobold brigand
  2103 | D:3      | Reached skill level 1 in Throwing
  2103 | D:3      | Reached XP level 5. HP: 24/51 MP: 4/4
  2106 | D:3      | Cast into level 1 of the Abyss (kobold)
  2142 | Abyss:1  | Noticed a smoke demon
  2144 | Abyss:1  | Noticed a starcursed mass
  2167 | Abyss:1  | Noticed a spatial maelstrom
  2182 | Abyss:1  | Noticed a small abomination
  2200 | Abyss:1  | Killed from afar by a smoke demon

Illustrated notes

Levels and vault maps discovered:
D:1:      amcnicky_arrival_feature_with_door, layout_rooms
D:2:      layout_loops_ring, shapermc_ecumenical_altar_rom_forum
D:3:      layout_basic, gammafunk_ghost_nasty_kobolds
Abyss:1:  base: Temple, hangedman_decor_peaks_small

Skill      XL: |  1  2  3  4 |
---------------+-------------+-----
Armour         | 1 |  1.8
Fighting       | 3 |  3.1
Axes           | 3 |  3.1
Dodging        | 3 |  3.2
Throwing       | 1 |  1.2
Stealth        | |  1.0

Action                   |  1- 3 |  4- 6 || total
-------------------------+-------+-------++-------
Melee: Hand axe          |   124 |    58 ||   182
       Punch             |       |     1 ||     1
  Use: Potion            |       |     5 ||     5
 Stab: Sleeping          |     3 |       ||     3
Armor: Robe              |    68 |    13 ||    81
       Skin              |       |    14 ||    14
Dodge: Dodged            |    86 |    18 ||   104
